Cogmind - Beta 15 @@@ ROGUE MODE // 2025.08.25 @ 17:21:29 Player: NQH Result: Destroyed by Y-45 Defender with Heavy Assault Rifle Performance ------------- Evolutions (2) 1000 Regions Visited (3) 600 Robots Destroyed (18) 90 Value Destroyed (472) 472 Prototype IDs (3) 60 Alien Tech Used (0) 0 Bonus (0) 0 TOTAL SCORE: 2222 Bonus ------- None Cogmind --------- Core Integrity 0/550 Matter 279/300 Energy 54/100 System Corruption 0% Temperature Cool (9) Movement Core (50) Location -8/Materials Parts ------- > --- POWER (1) -------- (None) > --- PROPULSION (4) --- (None) > --- UTILITY (4) ------ (None) > --- WEAPON (2) ------- (None) > --- INVENTORY (5) ---- Cooling System Cooling System Cooling System Cooling System Cooling System Peak State ------------ > --- POWER ------------ (None) > --- PROPULSION ------- Armored Treads Armored Treads > --- UTILITY ---------- Medium Storage Unit Compact Matter Pod Signal Interpreter > --- WEAPON ----------- Ion Cannon Ion Cannon > --- INVENTORY -------- Heat Sink Improved Heat Sink Cooling System Cooling System Cooling System Cooling System Cooling System Cooling System Cooling System Cooling System [Rating: 19] Favorites ----------- Power Ion Engine Engine Ion Engine Propulsion Improved Treads Treads Improved Treads Leg Aluminum Leg Utility Signal Interpreter Device Improved Heat Sink Storage Medium Storage Unit Processor Signal Interpreter Weapon Mining Claw Energy Cannon Particle Cannon Ballistic Gun Heavy Assault Rifle Slashing Weapon Mining Claw Build | -11 -10 -9 -8 ------- Run | Yrd Mat Mat Mat Slots Evolved 4 | . . 2 2 Power . | . . . . Propulsion 2 | . . 2 . Utility 2 | . . . 2 Weapon . | . . . . Parts Attached 25 | . 15 4 6 Power 2 | . 2 . . Engine 2 | . 2 . . Core . | . . . . Reactor . | . . . . Propulsion 9 | . 4 3 2 Treads 7 | . 2 3 2 Leg 2 | . 2 . . Wheel . | . . . . Hover . | . . . . Flight . | . . . . Utility 4 | . 3 . 1 Device 1 | . 1 . . Storage 2 | . 1 . 1 Processor 1 | . 1 . . Hackware . | . . . . Protection . | . . . . Artifact . | . . . . Weapon 10 | . 6 1 3 Energy Gun . | . . . . Energy Cannon 6 | . 4 . 2 Ballistic Gun 2 | . . 1 1 Ballistic Cannon . | . . . . Launcher . | . . . . Special Weapon . | . . . . Impact Weapon . | . . . . Slashing Weapon 2 | . 2 . . Piercing Weapon . | . . . . Special Melee Weapon . | . . . . Unidentified Prototypes 1 | . . 1 . Parts Lost 13 | . 4 3 6 Power 2 | . 1 . 1 Propulsion 6 | . 1 1 4 Utility . | . . . . Weapon 5 | . 2 2 1 Highest Loss Streak 6 | . 2 1 6 To Critical Strikes . | . . . . Average Backups 6 | . 4 9 9 Power . | . . . . Propulsion 1 | . 1 1 . Utility 4 | . 1 6 9 Weapon . | . . 1 . Tool/Special . | . . . . Unused Backups 11 | . . 3 8 Power . | . . . . Propulsion 1 | . . 1 . Utility 10 | . . 2 8 Weapon . | . . . . Tool/Special . | . . . . Average Slot Usage (%) 80 | . 80 90 57 Engine 9 | . 10 11 3 Treads 23 | . 18 30 19 Leg 3 | . 3 6 . Storage 9 | . 6 11 15 Processor 11 | . 13 11 8 Energy Cannon 5 | . 13 . 1 Ballistic Gun 3 | . . 7 . Slashing Weapon 12 | . 12 13 7 Peak Build Rating 19 | . 13 15 19 Average Rating 10 | . 8 12 11 On Entrance 5 | . . 8 13 Naked Turns 22 | . 11 . 11 Heaviest Build 20 | . 19 20 18 Greatest Support 89 | 3 46 89 89 Greatest Overweight (x) 4 | . 2 1 4 Average Overweight (x) . | . . . . Largest Inventory Capacity 10 | 5 10 10 10 Average Capacity 8 | 5 7 10 9 Most Carried 10 | . 9 10 10 Average Carried 6 | . 4 8 9 Final Capacity 10 | 5 10 10 5 Final Carried 10 | . 9 10 5 Class Distribution -------------------- 100% | Mutant Dominant Class ---------------- Mutant | -10/Materials Mutant | -9/Materials Mutant | -8/Materials Resources | -11 -10 -9 -8 ----------- Run | Yrd Mat Mat Mat Matter Collected 403 | 44 273 74 12 Remotely . | . . . . Salvage Created 599 | . 273 182 144 Parts 38 | . 18 14 6 Haulers Intercepted . | . . . . Recyclers Shooed . | . . . . Parts Field Recycled . | . . . . Retrieved Matter . | . . . . Parts Self-Destructed . | . . . . Prevented . | . . . . Kills | -11 -10 -9 -8 ------- Run | Yrd Mat Mat Mat Combat Hostiles Destroyed 17 | . 7 6 4 Melee 11 | . 2 6 3 Cannons 6 | . 5 . 1 Classes Destroyed 4 | . 3 1 . Recycler 1 | . 1 . . Swarmer 7 | . 3 2 2 Grunt 7 | . 4 3 . Sentry 3 | . . 1 2 Best Kill Streak 5 | . 5 2 2 Combat Bots Only 5 | . 5 2 2 Max Kills in Single Turn 1 | . 1 1 1 Gunslinging . | . . . . Exploded . | . . . . Melee 1 | . 1 1 1 Uniques/NPCs Destroyed . | . . . . Combat | -11 -10 -9 -8 -------- Run | Yrd Mat Mat Mat Hostile Shots Fired 312 | . 83 71 158 Missed 92 | . 24 17 51 Hits 220 | . 59 54 107 Projectile 220 | . 59 54 107 Critical Strikes 4 | . 1 1 2 Damage Taken 2543 | . 679 519 1345 Core 772 | . 151 57 564 Absorbed by Shields . | . . . . Core Remaining (%) 74 | 100 39 85 . Volleys Fired 13 | . 9 1 3 Largest 2 | . 2 1 2 Hottest 136 | . 136 23 120 Shots Fired 22 | . 16 1 5 Gun 2 | . . 1 1 Cannon 20 | . 16 . 4 Launcher . | . . . . Special . | . . . . Kinetic 2 | . . 1 1 Thermal 20 | . 16 . 4 Explosive . | . . . . Electromagnetic . | . . . . Robot Hit Streak 5 | . 5 . 3 Robot Miss Streak 1 | . 1 1 1 Penetration Max . | . . . . Secondary Targets . | . . . . Shots Hit Robots 39 | . 20 10 9 Core Hits 19 | . 9 6 4 Critical Kills . | . . . . Critical Parts Destroyed . | . . . . Critical Strikes . | . . . . Melee Attacks 40 | . 12 16 12 Impact . | . . . . Slashing 40 | . 12 16 12 Piercing . | . . . . Sneak Attacks 4 | . 4 . . Combat Hostiles . | . . . . Follow-up Attacks 3 | . 3 . . Damage Inflicted 962 | . 554 212 196 Guns 8 | . . . 8 Cannons 295 | . 248 . 47 Explosions . | . . . . Melee 659 | . 306 212 141 Ramming . | . . . . Kinetic 8 | . . . 8 Thermal 295 | . 248 . 47 Explosive . | . . . . Electromagnetic . | . . . . Impact . | . . . . Slashing 659 | . 306 212 141 Piercing . | . . . . Highest Corruption 1 | . 1 . . Average Corruption 1 | . 1 . . Corruption Purged . | . . . . Corruption Blocked . | . . . . Effects 2 | . 2 . . Message Errors 1 | . 1 . . Data Loss (minor) 1 | . 1 . . Overload Shots . | . . . . Overflow Damage 19 | . 8 . 11 Projectiles . | . . . . Explosions . | . . . . Melee 19 | . 8 . 11 Knockbacks . | . . . . Impact . | . . . . Kinetic . | . . . . Secondary . | . . . . Self-Inflicted Damage . | . . . . Shots . | . . . . Rammed . | . . . . Targets Rammed . | . . . . Kicked . | . . . . Crushed . | . . . . Highest Temperature 210 | . 210 6 135 Average Temperature 86 | . 92 6 68 Received Heat Transfer 1023 | . 336 138 549 Siege Activations . | . . . . Martial Activations . | . . . . Shielding Activations . | . . . . Robots Disrupted . | . . . . Combat Hostiles . | . . . . Robots Corrupted . | . . . . Combat Hostiles . | . . . . Parts Fried . | . . . . Impact Corruptions . | . . . . Robots Melted . | . . . . Combat Hostiles . | . . . . Parts Melted . | . . . . Heat Transferred 518 | . 444 . 74 Parts Sabotaged . | . . . . Parts Stolen . | . . . . Parts Stripped . | . . . . Power Chain Reactions . | . . . . Alert | -11 -10 -9 -8 ------- Run | Yrd Mat Mat Mat Maximum Alert Level . | . . . . Low Security (%) 100 | 100 100 100 100 Level 1 . | . . . . Level 2 . | . . . . Level 3 . | . . . . Level 4 . | . . . . Level 5 . | . . . . High Security . | . . . . Max Security . | . . . . Peak Influence 95 | . 95 75 30 Initial 27 | . . 1 27 Average 23 | . 36 17 14 Influence Increases 455 | . 190 165 100 Destroy 0b10 Robot/C 340 | . 140 120 80 Destroy 0b10 Robot/NC 5 | . 5 . . Destroy Leader 80 | . 30 30 20 Disable Machine 15 | . 15 . . Lose Combat Pursuer 15 | . . 15 . Influence Decreases 435 | . 185 105 145 Entered New Map 42 | . . 4 38 Time Decay 311 | . 150 101 60 Lost Part 67 | . 20 . 47 Purge Threat 15 | . 15 . . Squads Dispatched 4 | . 1 1 2 Investigation 2 | . 1 . 1 Extermination . | . . . . Reinforcement 2 | . . 1 1 Assault . | . . . . Garrison . | . . . . Intercept . | . . . . Searches Triggered . | . . . . Construction Impeded . | . . . . Haulers Reinforced . | . . . . Active Scanning Responses . | . . . . Cargo Convoy Interrupts . | . . . . Stealth | -11 -10 -9 -8 --------- Run | Yrd Mat Mat Mat Distress Signals 1 | . . 1 . Communications Jammed . | . . . . Distress Signals . | . . . . Times Spotted 26 | . 7 9 10 Peak Tracking Total 6 | . 5 3 6 Tactical Retreats 1 | . . 1 . Traps | -11 -10 -9 -8 ------- Run | Yrd Mat Mat Mat Traps Triggered 2 | . 1 . 1 Indirectly . | . . . . Trap Hack Attempts . | . . . . Triggered . | . . . . Disarmed . | . . . . Reprogrammed . | . . . . Reused . | . . . . Traps Extracted . | . . . . Installed . | . . . . Triggered . | . . . . Machines | -11 -10 -9 -8 ---------- Run | Yrd Mat Mat Mat Machines Disabled 1 | . 1 . . Max in Single Turn 1 | . 1 . . Machines Repaired . | . . . . Machines Dismantled . | . . . . Machines Sabotaged . | . . . . Overloaded Fab Kills . | . . . . Hacking | -11 -10 -9 -8 --------- Run | Yrd Mat Mat Mat Machines Accessed 1 | . 1 . . Terminals 1 | . 1 . . Fabricators . | . . . . Repair Stations . | . . . . Recycling Units . | . . . . Scanalyzers . | . . . . Garrison Access . | . . . . Total Hacks 4 | . 4 . . Successful 4 | . 4 . . Failed . | . . . . Catastrophic . | . . . . Database Lockouts . | . . . . Manual . | . . . . Terminals 4 | . 4 . . Fabricators . | . . . . Repair Stations . | . . . . Recycling Units . | . . . . Scanalyzers . | . . . . Garrison Access . | . . . . Terminal Hacks 4 | . 4 . . Record 2 | . 2 . . Prototype ID Bank 1 | . 1 . . Unreport Threat 1 | . 1 . . Fabricator Hacks . | . . . . Repair Station Hacks . | . . . . Recycling Unit Hacks . | . . . . Scanalyzer . | . . . . Garrison Access Hacks . | . . . . Unauthorized Hacks . | . . . . Terminals . | . . . . Fabricators . | . . . . Repair Stations . | . . . . Recycling Units . | . . . . Scanalyzers . | . . . . Garrison Access . | . . . . Data Cores Recovered . | . . . . Used . | . . . . Hacking Detections 1 | . 1 . . Full Trace Events 1 | . 1 . . Feedback Events . | . . . . Feedback Blocked . | . . . . Robot Schematics Acquired . | . . . . Robots Built . | . . . . Authchips . | . . . . Time . | . . . . Total Robot Build Rating . | . . . . Part Schematics Acquired . | . . . . Parts Built . | . . . . Authchips . | . . . . Time . | . . . . Total Part Build Rating . | . . . . Parts Repaired . | . . . . Time . | . . . . Parts Recycled . | . . . . Recycled Matter . | . . . . Retrieved Matter . | . . . . Retrieved Components . | . . . . Parts Scanalyzed . | . . . . Part Schematics Acquired . | . . . . Parts Damaged . | . . . . Bothacking | -11 -10 -9 -8 ------------ Run | Yrd Mat Mat Mat Used RIF Installer . | . . . . Robots Hacked . | . . . . Non-combat . | . . . . Combat . | . . . . Robot Hacks Applied . | . . . . Relay Couplers Released . | . . . . Fabnet Peak Effective % . | . . . . Robots Rewired . | . . . . Allies Hacked . | . . . . Hacks Repelled . | . . . . Allies | -11 -10 -9 -8 -------- Run | Yrd Mat Mat Mat Total Allies . | . . . . Largest Group . | . . . . Highest-Rated Group . | . . . . Highest-Rated Ally . | . . . . Total Orders . | . . . . Ally Attacks . | . . . . Total Damage . | . . . . Kills . | . . . . Allies Corrupted . | . . . . Allies Melted . | . . . . Intel | -11 -10 -9 -8 ------- Run | Yrd Mat Mat Mat Active Infowar (turns) . | . . . . Robot Analysis Total . | . . . . Derelict Logs Recovered . | . . . . Drone Launches . | . . . . Drone Recoveries . | . . . . Exploration | -11 -10 -9 -8 ------------- Run | Yrd Mat Mat Mat Turns Passed 935 | 48 370 365 152 Spaces Moved 566 | 97 196 203 70 Core 166 | 97 36 . 33 Treads 283 | . 120 126 37 Legs 117 | . 40 77 . Wheels . | . . . . Hover . | . . . . Flight . | . . . . Fastest Speed 50 | 50 50 120 50 Average Speed 128 | 50 144 145 140 Slowest Speed 250 | 50 190 190 250 Overloaded Moves . | . . . . Propulsion Burnouts . | . . . . Robots Hopped . | . . . . Potential Cave-ins . | . . . . Cave-ins Triggered . | . . . . Exploration Rate (%) 18 | 3 42 18 10 Regions Visited 3 Branch Regions . Pre-discovered Areas . | . . . . Known Exits Taken 2 | . 1 1 . Unknown Exits Taken 1 | 1 . . . Scrap Searched . | . . . . Spaces Dug . | . . . . Terrain Destroyed . | . . . . Melee . | . . . . Projectile . | . . . . AOE . | . . . . Terrain Rammed . | . . . . Walls Destroyed . | . . . . Machines Disabled . | . . . . Actions | -11 -10 -9 -8 --------- Run | Yrd Mat Mat Mat Total 672 | 96 241 243 92 Wait 4 | . 4 . . Move 563 | 96 195 202 70 Hop . | . . . . Pick Up 13 | . 5 8 . Fast Attach 24 | . 15 3 6 Attach 4 | . . 4 . Detach 6 | . 4 2 . Swap . | . . . . Drop 8 | . . 7 1 Fire 13 | . 9 1 3 Melee 37 | . 9 16 12 Ram . | . . . . Kick . | . . . . Crush . | . . . . Escape Stasis . | . . . . Rewire . | . . . . Trap . | . . . . Miscellaneous . | . . . . Route ------- -11/Scrapyard -10/Materials (discovered 2 exits: *Mat / *Min) -9/Materials -8/Materials History --------- Turn | Location | Event 3 | -11/Scrapyard | Discovered new exit (range 16) 49 | -11/Scrapyard | Entered Materials 183 | -10/Materials | Discovered new exit (range 13) 200 | -10/Materials | Identified exit to Mines 302 | -10/Materials | Core integrity fell below 50% 308 | -10/Materials | Build established: Mutant 383 | -10/Materials | Discovered new exit (range 13) 418 | -10/Materials | Identified exit to Materials 419 | -10/Materials | Entered another Materials area 419 | -9/Materials | Evolved 2 slots: Propulsion x2 753 | -9/Materials | Discovered new exit (range 12) 783 | -9/Materials | Identified exit to Materials 784 | -9/Materials | Entered another Materials area 784 | -8/Materials | Evolved 2 slots: Utility x2 888 | -8/Materials | Core integrity fell below 50% 913 | -8/Materials | Core integrity fell below 20% 919 | -8/Materials | Lost 6 parts (1p4n1w) 925 | -8/Materials | Released all parts (7) 936 | -8/Materials | Destroyed by Y-45 Defender with Heavy Assault Rifle Last Messages --------------- 00872_ S-10 Pest destroyed. 00873_ R-06 Scavenger collects Heat Sink. 00877_ R-06 Scavenger collects Flight Unit. 00877_ Acquired Lgt. Assault Rifle. 00881_ R-06 Scavenger collects Lgt. Ion Engine. 00888_ Lgt. Assault Rifle destroyed. 00906_ Acquired Arm. Treads. 00910_ Critical hit (Burn: +37). 00910_ Acquired Arm. Treads. 00912_ Dropped Mining Claw. 00914_ Acquired Ion Cannon. 00919_ Y-45 Defender destroyed. 00920_ Critical hit (Burn: +37). 00925_ Released Ion Cannon. 00925_ Released Arm. Treads. 00925_ Released Com. Matter Pod. 00925_ Released Med. Storage Unit. 00925_ Released Signal Interpreter. 00925_ Released Arm. Treads. 00925_ Released Ion Cannon. Map ----- +----------------------------------------------------+ | ?????????????????????????????????????????????????? | | ?????????????????????????????????????????????????? | | ?????????????????????????????????????????????????? | | ?????????????????????????????????????????????????? | | ?????????????????????????????????????????????????? | | ?????????????????????????????????????????????????? | | ?????????????????????????????????????????????????? | | ?????????????????????????????????????????????????? | | ###################??????????????????????????????? | | T #??????????????????????????????? | | #??????????????????????????????? | | [ %! #??????????????????????????????? | | !!! #??????????????????????????????? | | "" !!! #??????????????????????????????? | | "" = !! #??????????????????????????????? | | "" !!/ #??????????????????????????????? | | !=]!] #??????????????????????????????? | | !!! #??????????????????????????????? | | """ ! #??????????????????????????????? | | """ [ #??????????????????????????????? | | """ ########### #??????????????????????????????? | | #?????????# #??????????????????????????????? | | #?????????# #??????????????????????????????? | | """ #?????????# #??????????????????????????????? | | """ #?????????# ########+#######???????????????? | | """ ??????????# @ ????????? | | ?? ??????????# Y ????????? | | ?? ??????????# ????????? | | ?? ??????????# #######+########## ?????????? | | ?? ???????????# #?????????????????????????????? | | ???????????????# #?????????????????????????????? | | ???????????????# #?????????????????????????????? | | ??????????????? #?????????????????????????????? | | ?????????????? #?????????????????????????????? | | ?????????????! #?????????????????????????????? | | ????????????! #?????????????????????????????? | | ???????????!! #?????????????????????????????? | | ??????????? #?????????????????????????????? | | ???????????? ??????????????????????????????? | | ?????????????? ??????????????????????????????? | | ??????????????? ??????????????????????????????? | | ?????????????????????????????????????????????????? | | ?????????????????????????????????????????????????? | | ?????????????????????????????????????????????????? | | ?????????????????????????????????????????????????? | | ?????????????????????????????????????????????????? | | ?????????????????????????????????????????????????? | | ?????????????????????????????????????????????????? | | ?????????????????????????????????????????????????? | | ?????????????????????????????????????????????????? | +----------------------------------------------------+ Best States ------------- Heat Dissipation 31 Energy Generation 10 Energy Capacity 250 Matter Stores 320 Matter Capacity 450 Sight Range 16 Terrain Scan Density 10 Evasion (%) 55 Recoil Reduction 4 Item Schematics ----------------- None Robot Schematics ------------------ None Fabricated ------------ Nothing Repaired ---------- Nothing Alien Tech Used ----------------- None Achievements -------------- None Challenges ------------ None Game ------ Seed TiamatLightningMicrothruster Manual? 0 Play Time 00:08:43 Cumulative 19.6 hours Start 2025.08.25 @ 17:14:07 End 2025.08.25 @ 17:21:29 Sessions 1 Manual Loads 0 Difficulty Rogue Special Mode None Game No. 62 Rogue 62 Adventurer 0 Explorer 0 Win Type - Total 0 Types 0/0/0/0/0/0/0/0/0/0 Lore% 10 Gallery% 24 Achievement% 23 Wizard Run 0 Options --------- Layout 1 ASCII 0 Keyboard 1 Movement Vi Keybinds 0 Fullscreen 1 Font 16/SmallcapsGlow Map View 55x38 Zoom Use 0% Tactical HUD 1 Map Filters NONE Filters NONE Steam 1 RUN: d1fe4e8d-9f2d-40a3-aa7e-9a4241c5d754